 Dungeon Crawl Stone Soup version 0.30-a0-845-g7c6808c8ce (webtiles) character file.

Game seed: 7580872246194339767

373 Demosthentine the Ducker (level 6, -5/48 HPs)
             Began as a Demonspawn Gladiator on Mar 3, 2023.
             Slain by Blork the orc
             ... wielding a +0 dire flail
              (11 damage)
             ... on level 4 of the Dungeon.
             The game lasted 00:03:16 (2774 turns).

Demosthentine the Ducker (Demonspawn Gladiator)     Turns: 2774, Time: 00:03:17

Health: -5/48      AC:  7    Str: 20    XL:     6   Next: 43%
Magic:  6/6        EV: 10    Int:  9    God:
Gold:   203        SH:  0    Dex: 17    Spells: 5/5 levels left

rFire   . . .      SeeInvis .    a - +0 trident
rCold   . . .      Faith    .    (no shield)
rNeg    . . .      Spirit   .    j - +0 troll leather armour
rPois   .          Reflect  .    c - +0 helmet
rElec   .          Rampage  .    (no cloak)
rCorr   .                        (no gloves)
Will    .....                    (no boots)
Stlth   +                        i - amulet of magic regeneration
HPRegen 1.08/turn                m - +6 ring of strength
MPRegen 0.50/turn                (no ring)

@: grasped by roots, constricted
A: powered by pain 1, sharp scales 2
a: no special abilities


You were on level 4 of the Dungeon.
You visited 1 branch of the dungeon, and saw 4 of its levels.
You also visited: Ossuary.

You collected 203 gold pieces.

Inventory:

Hand Weapons
 a - a +0 trident (weapon)
Missiles
 d - 2 throwing nets (quivered)
 e - 9 javelins
Armour
 c - a +0 helmet (worn)
 j - a +0 troll leather armour (worn)
Jewellery
 i - an amulet of magic regeneration (around neck)
 m - a +6 ring of strength (left hand)
Scrolls
 g - 4 scrolls of fog
 k - a scroll of enchant armour {unknown}
 l - 4 scrolls of teleportation
 p - a scroll of identify
 r - 3 scrolls of vulnerability {unknown}
 s - a scroll of blinking {unknown}
 t - a scroll of enchant weapon {unknown}
Potions
 b - a potion of curing
 f - 2 potions of attraction
 h - 2 potions of heal wounds {unknown}
 n - a potion of mutation {unknown}
 o - a potion of haste {unknown}
 q - a potion of lignification {unknown}
 u - a potion of brilliance {unknown}
 v - a potion of invisibility {unknown}
 w - a potion of ambrosia {unknown}


   Skills:
 + Level 3.7 Fighting
 + Level 4.0 Polearms
 - Level 1.7 Throwing
 + Level 2.7 Armour
 + Level 4.0 Dodging


You had 5 spell levels left.
You didn't know any spells.
Your spell library was empty.

Dungeon Overview and Level Annotations

Branches:
Dungeon (4/15)            Ossuary (visited)
 Temple: D:4-7

Altars:
Vehumet

Shops:
D:1 :

Annotations:
D:4 Blork the orc


Innate Abilities, Weirdness & Mutations

You sometimes gain a little power by taking damage.
You are mostly covered in razor-sharp scales. (AC +2, Slay +2)


Message History

Blork the orc hits you with a +0 dire flail.
Blork the orc hits you with a +0 dire flail!
You barely miss Blork the orc.
Blork the orc hits you with a +0 dire flail!
Blork the orc barely misses you.
You hit Blork the orc but do no damage.
Blork the orc hits you with a +0 dire flail.
You are too injured to fight recklessly!
Throw: 3 throwing nets
Press: ? - help, Q - select action, (/) - cycle Shift-Dir - straight line, f - Blork the orc
Aim: Blork the orc, wielding a +0 dire flail, wearing a +2 robe and carrying a wand of roots (12) (fast, 66% to hit)
You throw a throwing net. The throwing net hits Blork the orc.
Blork the orc is caught in the net!
Blork the orc struggles against the net. x2
Unknown command.
You hit Blork the orc.
Blork the orc is lightly wounded.
Blork the orc zaps a wand.
The roots erupt in riotous growth!
The grasping roots grab you!
Blork the orc is unaffected.
The grasping roots constrict you.
Blork the orc struggles against the net.
The net rips apart, and Blork the orc comes free!
You hit Blork the orc but do no damage.
Blork the orc is lightly wounded.
Blork the orc barely misses you. The grasping roots constrict you.
You hit Blork the orc.
Blork the orc is lightly wounded.
Blork the orc hits you with a +0 dire flail!
* * * LOW HITPOINT WARNING * * *
The grasping roots constrict you.
* * * LOW HITPOINT WARNING * * *
The grasping roots release their grip on you.
You hit Blork the orc.
Blork the orc is moderately wounded.
Blork the orc zaps a wand.
The roots erupt in riotous growth!
The grasping roots grab you!
Blork the orc is unaffected.
The grasping roots constrict you.
* * * LOW HITPOINT WARNING * * *
Blork the orc hits you with a +0 dire flail!
You die...

## #. #. ..
####. . #...o##
.## #.#..@##..##
#.$..†.....#
#.#...)####.. #
####.# ##.####.#
........#####.#.
..>####.........
#.######.. #....
#.#


You could see Blork the orc (fast).

Vanquished Creatures
  A centaur zombie (Ossuary)
  An orc priest (D:3)
  2 iguanas
  2 orc wizards (D:3)
  2 hound zombies (Ossuary)
  3 mummies (Ossuary)
  4 adders
  2 adder zombies (Ossuary)
  A worm (D:2)
  6 orcs
  7 ball pythons
  6 bats
  6 endoplasms
  3 giant cockroaches
  5 goblins
  4 hobgoblins
  6 jackals (D:1)
  7 kobolds
  3 quokkas
  A frilled lizard (D:2)
  4 gnoll zombies (Ossuary)
  6 hobgoblin zombies (Ossuary)
  4 jackal zombies (Ossuary)
  5 kobold zombies (Ossuary)
  2 orc zombies (Ossuary)
  6 quokka zombies (Ossuary)
  3 rats
  2 rat zombies (Ossuary)
104 creatures vanquished.

Vanquished Creatures (others)
  A plant (D:3)
1 creature vanquished.

Grand Total: 105 creatures vanquished

Notes
Turn   | Place    | Note
-------+----------+-------------------------------------------
     0 | D:1      | Demosthentine the Demonspawn Gladiator began the quest for
                  | the Orb.
     0 | D:1      | Reached XP level 1. HP: 16/16 MP: 1/1
   180 | D:1      | Gained mutation: You are partially covered in razor-sharp
                  | scales. (AC +1, Slay +1) [demonic ancestry]
   180 | D:1      | Reached XP level 2. HP: 17/22 MP: 2/2
   387 | D:1      | Found Gishof Sucub's Book Boutique.
   710 | D:2      | Reached skill level 1 in Armour
   710 | D:2      | Gained mutation: You sometimes gain a little power by
                  | taking damage. [demonic ancestry]
   710 | D:2      | Reached XP level 3. HP: 28/28 MP: 3/3
   785 | D:2      | Found a radiant altar of Vehumet.
  1297 | D:3      | Gained mutation: You are mostly covered in razor-sharp
                  | scales. (AC +2, Slay +2) [demonic ancestry]
  1297 | D:3      | Reached XP level 4. HP: 29/34 MP: 4/4
  1703 | D:3      | Reached XP level 5. HP: 41/41 MP: 5/5
  2370 | D:4      | Found a sand-covered staircase.
  2375 | Ossuary  | Entered an ossuary
  2538 | Ossuary  | Reached XP level 6. HP: 46/47 MP: 6/6
  2764 | D:4      | Noticed Blork the orc
  2774 | D:4      | Slain by Blork the orc

Illustrated notes

Levels and vault maps discovered:
D:1:      amcnicky_arrival_feature_with_door, layout_basic, serial_shops, shop
D:2:      layout_loops_ring, basic_altar
D:3:      layout_basic, serial_forest, infiniplex_forest_3_way,
          infiniplex_forest_lined_2, infiniplex_forest_straight_1,
          infiniplex_forest_pool, infiniplex_forest_straight_3,
          infiniplex_forest_lined_3, minmay_crystal_water, minivault_11,
          minmay_box_of_dots
D:4:      layout_loops_ring, enter_ossuary_2, minmay_circle_x,
          uniq_blork_the_orc, uniq_eustachio

Skill      XL: |  1  2  3  4  5  6 |
---------------+-------------------+-----
Dodging        | 3 4 |  4.0
Polearms       | 3 4 |  4.0
Armour         | 1 2 |  2.7
Fighting       | 3 |  3.7
Throwing       | |  1.7

Action                     |  1- 3 |  4- 6 || total
---------------------------+-------+-------++-------
  Melee: Trident           |   101 |   256 ||   357
         Punch             |     3 |     1 ||     4
  Throw: Throwing net      |       |     1 ||     1
    Use: Scroll            |     5 |     4 ||     9
   Stab: Sleeping          |     2 |     2 ||     4
 Armour: Leather armour    |    17 |       ||    17
         Troll leather arm |    15 |    69 ||    84
  Dodge: Dodged            |    71 |   157 ||   228

Table legend: (Time is in decaauts)
 A = Elapsed time spent in this place.
 B = Non-inter-level travel time spent in this place.
 C = Inter-level travel time spent in this place.
 D = Time resting spent in this place.
 E = Time spent auto-exploring this place.
 F = Levels seen in this place.
 G = Mean time per level.
                   A        B        C        D        E       F      G
               +--------+--------+--------+--------+--------+-----+--------+
         Total |   2821 |   2785 |     36 |     52 |   1996 |   5 |  564.2 |
       Dungeon |   2504 |   2468 |     36 |     52 |   1863 |   4 |  626.0 |
       Ossuary |    317 |    317 |      0 |      0 |    133 |   1 |  317.0 |
               +--------+--------+--------+--------+--------+-----+--------+

Top non-repeatable levels by time:
     D:3: 914 daAuts
     D:1: 703 daAuts
     D:2: 616 daAuts
 Ossuary: 317 daAuts
     D:4: 270 daAuts
